 Dungeon Crawl Stone Soup version 0.27-a0-512-g57cc695410 (webtiles) character file.

Game seed: 10515103623995206716

124 siradein the Firebug (level 5, -3/38 HPs)
             Began as a Hill Orc Fire Elementalist on Mar 3, 2021.
             Slain by a river rat (10 damage)
             ... in a sewer.
             The game lasted 00:11:54 (2405 turns).

siradein the Firebug (Hill Orc Fire Elementalist)   Turns: 2405, Time: 00:11:55

Health: -3/38      AC:  2    Str: 11    XL:     5   Next: 8%
Magic:  6/7        EV: 12    Int: 16    God:
Gold:   137        SH:  0    Dex: 11    Spells: 3/7 levels left

rFire    . . .     SeeInvis .   f - +1 dagger
rCold    . . .     Faith    .   (no shield)
rNeg     . . .     Spirit   .   a - +0 robe
rPois    .         Reflect  .   (no helmet)
rElec    .         Harm     .   (no cloak)
rCorr    .         Rampage  .   (no gloves)
Will     .....                  (no boots)
Stlth    ++........             (no amulet)
HPRegen  0.12/turn              (no ring)
MPRegen  0.10/turn              (no ring)

@: brilliant, about to teleport
A: no striking features
a: no special abilities


You were in a sewer.
You visited 1 branch of the dungeon, and saw 3 of its levels.
You also visited: Sewer.

You collected 137 gold pieces.

Inventory:

Hand Weapons
 f - a +1 dagger (weapon)
Armour
 a - a +0 robe (worn)
 d - a +0 pair of gloves
Potions
 b - 2 potions of resistance
 c - 2 potions of ambrosia
 h - a potion of heal wounds
 i - a potion of attraction


   Skills:
 - Level 1.5 Dodging
 - Level 1.5 Stealth
 - Level 1.5 Spellcasting
 - Level 1.0 Conjurations
 + Level 6.2 Fire Magic


You had 3 spell levels left.
You knew the following spells:

 Your Spells              Type           Power        Failure   Level
a - Foxfire               Conj/Fire      76%          4%          1
b - Conjure Flame         Conj/Fire      19%          16%         3

Your spell library contained the following spells:

 Spells                   Type           Power        Failure   Level
 Inner Flame              Hex/Fire       16%          19%         3
 Sticky Flame             Conj/Fire      19%          45%         4
 Fireball                 Conj/Fire      9%           80%         5


Dungeon Overview and Level Annotations

Branches:
Dungeon (3/15)              Sewer (1/1)

Altars:
Hepliaklqana
Kikubaaqudgha
Ru
Trog
The Shining One


Message History

The river rat is moderately wounded.
The river rat closely misses you.
The river rat twitches its whiskers.
The river rat barely misses you.
You hit the river rat.
The river rat is heavily wounded.
The river rat bites you. The river rat barely misses you.
You hit the river rat but do no damage.
The river rat is heavily wounded.
The river rat bites you but does no damage.
The river rat misses you.
You hit the river rat but do no damage.
The river rat is heavily wounded.
The river rat bites you!
* * * LOW HITPOINT WARNING * * *
The river rat bites you but does no damage.
You feel much better. The river rat bites you.
The river rat closely misses you.
You hit the river rat but do no damage.
The river rat is heavily wounded.
The river rat barely misses you. The river rat bites you.
You hit the river rat but do no damage.
The river rat is heavily wounded.
The river rat bites you. x2
You hit the river rat but do no damage.
The river rat is heavily wounded.
The river rat bites you. The river rat barely misses you.
It was a potion of brilliance.
You feel clever all of a sudden. The river rat barely misses you.
The river rat bites you but does no damage.
As you read the scroll of teleportation, it crumbles to dust.
You feel strangely unstable. The river rat misses you.
The river rat barely misses you.
You hit the river rat.
The river rat is almost dead.
The river rat bites you!
* * * LOW HITPOINT WARNING * * *
The river rat bites you!
You die...

###
#.#
#.#
#.#
#.#
#∩#
#r#
#r#
#@#
#r#
#r#
#.#
#.#
#.#
#≈#
#≈#


You could see 3 river rats and a rat.

Vanquished Creatures
  3 gnolls (D:2)
  4 adders
  3 worms
  2 dart slugs
  A leopard gecko (D:2)
  3 giant cockroaches
  6 goblins
  6 hobgoblins
  6 bats
  2 frilled lizards (D:2)
  7 kobolds
  6 rats
49 creatures vanquished.

Vanquished Creatures (others)
  150 foxfires
150 creatures vanquished.

Grand Total: 199 creatures vanquished

Notes
Turn   | Place    | Note
-------+----------+-------------------------------------------
     0 | D:1      | siradein the Hill Orc Fire Elementalist began the quest for
                  | the Orb.
     0 | D:1      | Reached XP level 1. HP: 14/14 MP: 3/3
   280 | D:1      | Reached XP level 2. HP: 20/20 MP: 2/4
   323 | D:1      | Reached skill level 4 in Fire Magic
  1163 | D:2      | Reached XP level 3. HP: 26/26 MP: 2/5
  1202 | D:2      | Found an ancient bone altar of Kikubaaqudgha.
  1202 | D:2      | Found a sacrificial altar of Ru.
  1202 | D:2      | Found a bloodstained altar of Trog.
  1264 | D:2      | Found a glowing golden altar of the Shining One.
  1357 | D:2      | Reached skill level 5 in Fire Magic
  1420 | D:2      | Reached XP level 4. HP: 33/33 MP: 2/6
  2054 | D:2      | Found a hazy altar of Hepliaklqana.
  2160 | D:2      | Reached skill level 6 in Fire Magic
  2236 | D:2      | Learned a level 3 spell: Conjure Flame
  2287 | D:3      | Reached XP level 5. HP: 33/38 MP: 4/7
  2357 | D:3      | Found a glowing drain.
  2376 | Sewer    | Entered a sewer
  2405 | Sewer    | Slain by a river rat

Illustrated notes

Levels and vault maps discovered:
D:1:      minmay_arrival_jagged, layout_loops_ring
D:2:      layout_basic, nzn_hepliaklqana_mist_gate,
          nicolae_overflow_quartered_altars, grunt_ministairs_7
D:3:      layout_basic, cheibrodos_sewer_entry_sluice, grunt_ministairs_8,
          grunt_decor_fettered, serial_bayou_lake_a
Sewer:    sewer_kobolds

Skill      XL: |  1  2  3  4 |
---------------+-------------+-----
Fire Magic     | 4 5 6 |  6.2
Dodging        | |  1.5
Stealth        | |  1.5
Spellcasting   | |  1.5
Conjurations   | |  1.0

Action                   |  1- 3 |  4- 6 || total
-------------------------+-------+-------++-------
Melee: Unarmed           |     1 |       ||     1
       Dagger            |     1 |    24 ||    25
 Cast: Foxfire           |    49 |    39 ||    88
  Use: Scroll            |       |     7 ||     7
       Potion            |       |     3 ||     3
Armor: Robe              |     3 |    10 ||    13
Dodge: Dodged            |    18 |    33 ||    51

Table legend: (Time is in decaauts)
 A = Elapsed time spent in this place.
 B = Non-inter-level travel time spent in this place.
 C = Inter-level travel time spent in this place.
 D = Time resting spent in this place.
 E = Time spent auto-exploring this place.
 F = Levels seen in this place.
 G = Mean time per level.
                   A        B        C        D        E       F      G
               +--------+--------+--------+--------+--------+-----+--------+
         Total |   2404 |   2366 |     38 |      2 |   1785 |   4 |  601.0 |
       Dungeon |   2376 |   2338 |     38 |      2 |   1785 |   3 |  792.0 |
         Sewer |     28 |     28 |      0 |      0 |      0 |   1 |   28.0 |
               +--------+--------+--------+--------+--------+-----+--------+

Top non-repeatable levels by time:
     D:1: 1130 daAuts
     D:2: 1106 daAuts
     D:3: 138 daAuts
   Sewer: 28 daAuts
